 Dungeon Crawl Stone Soup version 0.24-a0-7-g1bb0902669 (webtiles) character file.

Game seed: 7059415898529897675

2740 Infinimo the Frost Mage (level 9, 0/85 HPs)
             Began as a Merfolk Ice Elementalist on Jan 31, 2019.
             Was a Follower of Vehumet.
             Succumbed to a hornet's poison
             ... on level 6 of the Dungeon.
             The game lasted 00:20:50 (10502 turns).

Infinimo the Frost Mage (Merfolk Ice Elementalist) Turns: 10502, Time: 00:20:51

Health: 0/85       AC: 24    Str:  9    XL:     9   Next: 68%
Magic:  27/27      EV:  2    Int: 17    God:    Vehumet [*.....]
Gold:   343        SH:  0    Dex: 14    Spells: 12/20 levels left

rFire    x . .     SeeInvis .   h - +0 short sword
rCold    + . .     Gourm    .   (no shield)
rNeg     + + +     Faith    .   (armour currently unavailable)
rPois    +         Spirit   .   (helmet currently unavailable)
rElec    .         Reflect  .   (cloak currently unavailable)
rCorr    .         Harm     .   (gloves currently unavailable)
MR       +....     NoTele   +   (boots currently unavailable)
Stlth    ++........             v - amulet of the acrobat
HPRegen  0.24/turn              s - ring of magical power
MPRegen  0.20/turn              x - ring of ice

@: lethally poisoned (0 -> -6), tree-form, very slightly contaminated
A: (change form in water), (swift swim), (stealthy swim), magic resistance 1,
mutation resistance 1, wild magic 1
a: Renounce Religion


You were on level 6 of the Dungeon.
You worshipped Vehumet.
Vehumet was aware of your devotion.
You were not hungry.
You were a tree.
You visited 1 branch of the dungeon, and saw 8 of its levels.

You collected 343 gold pieces.

Inventory:

Hand Weapons
 h - a +0 short sword (weapon)
Armour
 a - a +0 robe (melded)
 e - a +1 cloak (melded)
 m - a +2 helmet (melded)
 t - a +0 pair of gloves (melded)
Jewellery
 p - an uncursed ring of positive energy
 s - a ring of magical power (left branch)
 v - an amulet of the acrobat (around neck)
 x - a ring of ice (right branch)
Wands
 f - a wand of disintegration (20)
Scrolls
 b - a scroll of identify
 d - 4 scrolls of fog
 i - a scroll of immolation
 j - 3 scrolls of amnesia
 k - a scroll of fear
 l - 3 scrolls of magic mapping
 q - 4 scrolls of remove curse
 u - a scroll of enchant armour
Potions
 g - 2 potions of haste
 n - a potion of lignification
 o - 2 potions of degeneration
 w - a potion of berserk rage
 z - a potion of brilliance
Comestibles
 c - 13 rations


   Skills:
 - Level 2.6 Dodging
 - Level 2.1 Stealth
 + Level 6.2 Spellcasting
 + Level 5.2 Conjurations
 * Level 10.5 Ice Magic


You had 12 spell levels left.
You knew the following spells:

 Your Spells              Type           Power        Failure   Level  Hunger
a - Freeze                Ice            ####         1%          1    None
b - Throw Frost           Conj/Ice       ######       1%          2    None
c - Throw Icicle          Conj/Ice       ######..     8%          4    ####...
d - Magic Dart            Conj           ####         2%          1    None

Your spell library contained the following spells:

 Spells                   Type           Power        Failure   Level  Hunger
 Ozocubu's Armour         Chrm/Ice       #####...     7%          3    ##.....
 Corona                   Hex            #......      19%         1    None
 Summon Ice Beast         Ice/Summ       #####...     21%         4    ####...
 Slow                     Hex            #.......     26%         2    None
 Inner Flame              Hex/Fire       #.......     45%         3    ##.....
 Portal Projectile        Hex/Tloc       #.....       45%         3    ##.....
 Cause Fear               Hex            #.........   83%         4    ####...
 Leda's Liquefaction      Hex/Erth       #.........   83%         4    ####...


Dungeon Overview and Level Annotations

Branches:
Dungeon (8/15)             Temple (0/1) D:6            Lair (0/6) D:8

Altars:
Ashenzari
Fedhas
Kikubaaqudgha
Trog
Uskayaw
Vehumet

Shops:
D:4 }


Innate Abilities, Weirdness & Mutations

((You revert to your normal form in water))
((You are very nimble and swift while swimming.))
((You are very stealthy in the water. (Stealth+)))
You are resistant to hostile enchantments. (MR+)
You are somewhat resistant to further mutation.
Your spells are a little harder to cast, but a little more powerful.


Message History

Blink to where?
Press: ? - help, Dir - move target cursor You are very lightly contaminated with residual magic.
As you read the scroll of blinking, it crumbles to dust.
You feel yourself speed up.
* * * LOW HITPOINT WARNING * * *
You feel sick.
* * * LOW HITPOINT WARNING * * *
You feel sick.
You climb upwards.
* * * LOW HITPOINT WARNING * * *
You feel sick.
There is a stone staircase leading down, spattered with blood here.
Okay, then.
Okay, then.
You turn into a tree.
Your +1 cloak melds into your body.
Your +2 helmet melds into your body.
Your +0 pair of gloves melds into your body.
Your +0 robe melds into your body.
Your roots penetrate the ground.
You die...

....###....#####.#####
.##.##.....#.........#
.##.###....#.###.###.#
...........#.# #.# #.#
.##.####.###.# #.###.#
.##.# #.# #.# #.....#
....# ##'###.# ####..#
....###.).##.######..#
....##.....#....♣)...#
###.........######..##
..##.........####...##
...#.........'....[..#
##.##..>.....####...##
....#....(..## ##..#
##.©#......## ##<#
....#.#...## #)#
...##.##'## ##.#


There were no monsters in sight!

Vanquished Creatures
  The ghost of PeterQ the Archer, a novice CeHu (D:6)
  A warg (D:7)
  Edmund (D:6)
  A water moccasin (D:6)
  An orc warrior (D:8)
  2 sky beasts
  2 big kobolds (D:2)
  2 bullfrogs
  A gnoll sergeant (D:6)
  A scorpion (D:4)
  2 wights (D:6)
  8 electric eels (D:7)
  2 crimson imps
  A centaur zombie (D:6)
  4 quasits (D:6)
  2 bullfrog zombies
  2 orc priests
  2 hounds
  7 worker ants
  3 orc wizards
  A howler monkey skeleton (D:5)
  8 adders
  4 gnolls
  2 worker ant zombies
  2 oozes
  2 adder skeletons (D:7)
  4 worms
  4 dart slugs
  5 leopard geckos
  10 orcs
  4 giant cockroaches
  14 goblins
  7 hobgoblins
  3 jackals (D:3)
  15 kobolds
  3 quokkas
  11 bats
  A frilled lizard (D:2)
  A jackal skeleton (D:4)
  9 rats
156 creatures vanquished.

Vanquished Creatures (others)
  A wizard (D:6)
  A plant (D:7)
2 creatures vanquished.

Grand Total: 158 creatures vanquished

Notes
Turn   | Place    | Note
-------+----------+-------------------------------------------
     0 | D:1      | Infinimo the Merfolk Ice Elementalist began the quest for
                  | the Orb.
     0 | D:1      | Reached XP level 1. HP: 13/13 MP: 3/3
   160 | D:1      | Reached XP level 2. HP: 13/19 MP: 0/5
   251 | D:1      | Learned a level 2 spell: Throw Frost
   663 | D:1      | Reached skill level 1 in Conjurations
   663 | D:1      | Reached skill level 4 in Ice Magic
   783 | D:1      | Reached XP level 3. HP: 24/24 MP: 1/6
  1753 | D:2      | Found a hide-covered altar of Uskayaw.
  1755 | D:2      | Reached XP level 4. HP: 30/30 MP: 4/7
  1763 | D:2      | Learned a level 4 spell: Throw Icicle
  2862 | D:3      | Reached skill level 5 in Ice Magic
  2866 | D:3      | Reached XP level 5. HP: 35/35 MP: 4/9
  3002 | D:3      | Noticed a big kobold
  3005 | D:3      | Noticed a big kobold
  3062 | D:2      | Killed a big kobold
  3254 | D:2      | Killed a big kobold
  3254 | D:2      | Reached XP level 6. HP: 33/41 MP: 1/11
  3641 | D:3      | Found a radiant altar of Vehumet.
  3687 | D:3      | Found a shattered altar of Ashenzari.
  3724 | D:3      | Became a worshipper of Vehumet
  4026 | D:3      | Reached skill level 6 in Ice Magic
  4415 | D:4      | Found Suguriz's Gadget Shoppe.
  4456 | D:4      | Reached XP level 7. HP: 40/46 MP: 8/12
  4952 | D:5      | Entered Level 5 of the Dungeon
  5323 | D:5      | Found a blossoming altar of Fedhas.
  5698 | D:5      | Reached skill level 7 in Ice Magic
  6366 | D:6      | Found a transporter.
  6370 | D:6      | Noticed PeterQ's ghost (novice CeHu)
  6401 | D:6      | Found a transporter.
  6437 | D:6      | Reached XP level 8. HP: 39/52 MP: 5/14
  6574 | D:6      | Reached * piety under Vehumet
  6574 | D:6      | Offered knowledge of Magic Dart by Vehumet.
  6605 | D:5      | Learned a level 1 spell: Magic Dart
  6840 | D:6      | Noticed Edmund
  6850 | D:6      | Killed Edmund
  6850 | D:6      | Reached skill level 8 in Ice Magic
  6966 | D:6      | Found a bloodstained altar of Trog.
  6977 | D:6      | Found a staircase to the Ecumenical Temple.
  7476 | D:6      | Reached skill level 5 in Spellcasting
  7618 | D:6      | Noticed a wizard
  7624 | D:6      | Killed a wizard
  8128 | D:6      | Gained mutation: You are resistant to hostile enchantments.
                  | (MR+) [potion of mutation]
  8128 | D:6      | Gained mutation: Your spells are a little harder to cast,
                  | but a little more powerful. [potion of mutation]
  8128 | D:6      | Gained mutation: You are somewhat resistant to further
                  | mutation. [potion of mutation]
  8204 | D:6      | Killed PeterQ's ghost
  8204 | D:6      | Reached skill level 9 in Ice Magic
  8204 | D:6      | Reached XP level 9. HP: 57/57 MP: 5/17
  8206 | D:6      | Got the ring of Muqam {Dex+4}
  8216 | D:6      | Identified the ring of Muqam {Str+4 Dex+4} (You found it on
                  | level 6 of the Dungeon)
  8743 | D:7      | Found an ancient bone altar of Kikubaaqudgha.
  9166 | D:7      | Reached skill level 10 in Ice Magic
  9523 | D:7      | Reached skill level 5 in Conjurations
 10308 | D:8      | Found a staircase to the Lair.
 10313 | D:8      | Noticed a hornet
 10496 | D:8      | Paralysed by a hornet for 2 turns
 10500 | D:7      | HP: 2/57 [poisoned by a hornet]
 10502 | D:6      | Succumbed to a hornet's poison

Vault maps used:
D:1:      dpeg_arrival_houses_and_road
D:2:      nicolae_overflow_crystal_walls, first_ration
D:3:      cheibrodos_thug_alley, ashenzari_conservatory_becter,
          marbit_many_paths
D:4:      serial_shops, shop
D:5:      lemuel_crystal_altar
D:6:      minmay_temple_entry_sparse_star, gammafunk_ghost_stat_death,
          trog_wizard, uniq_edmund
D:7:      basic_altar, serial_bayou_lake_a
D:8:      grunt_temple_overflow_open, erik_lair_orcish_takeover,
          ebering_ghost_funeral_grove, david_nohive_1, lemuel_oklob_altar,
          uniq_joseph, uniq_grum

Skill      XL: |  1  2  3  4  5  6  7  8  9 |
---------------+----------------------------+-----
Conjurations   | 1 2 3 4 5 |  5.2
Ice Magic      | 4 5 6 7 9 10 | 10.5
Spellcasting   | 3 4 5 6 |  6.2
Dodging        | |  2.6
Stealth        | |  2.1

Action                   |  1- 3 |  4- 6 |  7- 9 || total
-------------------------+-------+-------+-------++-------
Melee: Short sword       |    21 |    15 |    83 ||   119
       Unarmed           |     1 |       |       ||     1
 Cast: Freeze            |    68 |   119 |   135 ||   322
       Throw Icicle      |       |       |    37 ||    37
       Magic Dart        |       |       |    71 ||    71
  Use: Scroll            |       |       |    19 ||    19
       Potion            |       |       |     7 ||     7
 Stab: Sleeping          |     1 |       |       ||     1
       Distracted        |       |       |     1 ||     1
  Eat: Chunk             |     3 |    10 |     9 ||    22
       Ration            |       |       |     5 ||     5
Armor: Robe              |    22 |    21 |   139 ||   182
Dodge: Dodged            |    54 |    63 |   260 ||   377

Table legend:
 A = Non-vault XP
 B = Vault XP
 C = Vault XP percentage of total XP
 D = Non-vault monster count
 E = Vault monster count
 F = Vault count percentage of total count
                 A         B        C        D         E       F
            +---------+---------+-------+---------+---------+-------
      Total |    2349 |    1566 |  40.0 |     133 |      23 |  14.7
            +---------+---------+-------+---------+---------+-------
        D:1 |      60 |       0 |   0.0 |      30 |       0 |   0.0
        D:2 |      57 |     189 |  76.8 |      18 |       2 |  10.0
        D:3 |     122 |      18 |  12.9 |      25 |      10 |  28.6
        D:4 |     310 |       0 |   0.0 |      18 |       0 |   0.0
        D:5 |     276 |       0 |   0.0 |       7 |       0 |   0.0
        D:6 |     834 |     970 |  53.8 |      18 |       6 |  25.0
        D:7 |     690 |     165 |  19.3 |      17 |       1 |   5.6
        D:8 |       0 |     224 | 100.0 |       0 |       4 | 100.0
            +---------+---------+-------+---------+---------+-------
